 Dungeon Crawl Stone Soup version 0.31-a0-716-gc7603755dd (webtiles) character file.

Game seed: 7633678880455334970

372 Essalna the Conjurer (level 6, 41/41 HPs)
             Began as a Demonspawn Conjurer on Sept 10, 2023.
             Got out of the dungeon alive.
             The game lasted 00:03:43 (2391 turns).

Essalna the Conjurer (Demonspawn Conjurer)          Turns: 2391, Time: 00:03:44

Health: 41/41      AC:  6    Str:  7    XL:     6   Next: 43%
Magic:  13/13      EV: 12    Int: 21    God:
Gold:   261        SH:  0    Dex: 14    Spells: 11/14 levels left

rFire   + . .        (no weapon)
rCold   . . .        (no shield)
rNeg    . . .        a - +0 robe
rPois   .            (no helmet)
rElec   .            (no cloak)
rCorr   .            (no gloves)
SInv    .            (no boots)
Will    .....        (no amulet)
Stlth   +++          k - +4 ring of protection
HPRegen 0.26/turn    h - ring of protection from fire
MPRegen 0.13/turn

%: no passive effects
@: no status effects
A: claws 1, thin skeletal structure 1, spiny 1
a: no special abilities


You escaped.
You visited 1 branch of the dungeon, and saw 4 of its levels.

You collected 261 gold pieces.

Inventory:

Armour
 a - a +0 robe (worn)
Jewellery
 g - a ring of see invisible
 h - a ring of protection from fire (right claw)
 k - a +4 ring of protection (left claw)
Scrolls
 c - a scroll of vulnerability {unknown}
 e - a scroll of fear {unknown}
 j - a scroll of torment {unknown}
 m - a scroll of teleportation {unknown}
 o - a scroll of identify {unknown}
 p - a scroll of immolation {unknown}
Potions
 b - a potion of magic
 d - a potion of heal wounds {unknown}
 f - a potion of might {unknown}
 i - a potion of lignification {unknown}
 l - a potion of attraction {unknown}
 n - 2 potions of curing {unknown}


   Skills:
 - Level 1.7 Dodging
 - Level 1.7 Stealth
 + Level 4.7 Spellcasting
 + Level 6.2 Conjurations


You had 11 spell levels left.
You knew the following spells:

 Your Spells              Type           Power      Damage    Failure   Level
a - Magic Dart            Conj           100%       1d8       1%          1
b - Searing Ray           Conj           60%        2d6       1%          2

Your spell library contained the following spells:

 Spells                   Type           Power      Damage    Failure   Level
 Dazzling Flash           Conj/Hex       34%        N/A       10%         3
 Ensorcelled Hibernation  Hex/Ice        8%         N/A       17%         2
 Passwall                 Tmut/Erth      3%         N/A       17%         2
 Fulminant Prism          Conj/Hex       8%         3d7       30%         4
 Iskenderun's Mystic Bla  Conj/Tloc      17%        2d5       30%         4
 Swiftness                Air            4%         N/A       32%         3


Dungeon Overview and Level Annotations

Branches:
Dungeon (4/15)
 Temple: D:4-7

Altars:
Wu Jian

Shops:
D:1 =


Innate Abilities, Weirdness & Mutations

You have sharp fingernails.
You have a somewhat thin skeletal structure. (Dex +2, Stealth+)
You are partially covered in sharp spines.


Message History

The goblin shouts!
You scratch the goblin.
The goblin is severely wounded.
The goblin closely misses you.
You scratch the goblin.
You kill the goblin!
No target in view!
No target in view!
No target in view!
No target in view!
No target in view!
No target in view!
No target in view!
No target in view!
No target in view!
No target in view!
Jessica the Apprentice Sorceress comes into view.
She is wielding a +0 club.
Jessica shouts!
Jessica casts a spell.
Jessica seems to speed up.
Jessica casts a spell at you. You resist with some effort.
Jessica is struck by your spines. Jessica hits you with a +0 club.
Jessica is struck by your spines. Jessica hits you but does no damage.
Jessica barely misses you. Jessica misses you.
Jessica hits you but does no damage. Jessica hits you with a +0 club.
Jessica shouts, "You're disturbing me!
I'll have to kill you!" Jessica closely misses you.
Jessica is struck by your spines.
You kill Jessica!
Things that are here:
a +0 club; a +0 robe; the human corpse of Jessica
There is a stone staircase leading up here.
You climb upwards.
There is a stone staircase leading down here.
There is a faded altar of an unknown god here.
There is an open door here.
There is a staircase leading out of the dungeon here.
You have escaped!

P.........#.#.+#.###.####...#####
.PP##..####.###...##........# #
....#..###..##.....'#####...# #
.P.♣♣......##.......## #...# ##
.~♣..P.#####.........## #...# #.
~~~~.....##...........###...#####
♣~~~~....#.............#.........
.~~♣~P...#.............#.........
.♣~~.♣...#......@......#.........
.~~~~....#.............##...#####
.P~~♣.####.............##...#
♣....## #'...........###...#
...P.#######.........## #...#
.♣...##....##.......#####...###
.....##.######.....## #.......#
.#.####.##...###.#+####.......###
.#.####.#...#..#.#...##.........#


There were no monsters in sight!

Vanquished Creatures
  Sigmund (D:4)
  Eustachio (D:4)
  Jessica (D:2)
  2 worms (D:2)
  3 orcs (D:3)
  3 ball pythons
  An endoplasm (D:1)
  3 goblins
  10 hobgoblins
  2 kobolds
  A bat (D:3)
  3 frilled lizards
  6 rats
37 creatures vanquished.

Notes
Turn   | Place    | Note
-------+----------+-------------------------------------------
     0 | D:1      | Essalna the Demonspawn Conjurer began the quest for the
                  | Orb.
     0 | D:1      | Reached XP level 1. HP: 13/13 MP: 3/3
    11 | D:1      | Found a faded altar of an unknown god.
   197 | D:1      | Found Ajyex's Jewellery Emporium.
   360 | D:1      | Gained mutation: You have a somewhat thin skeletal
                  | structure. (Dex +2, Stealth+) [demonic ancestry]
   360 | D:1      | Reached XP level 2. HP: 19/19 MP: 1/5
  1530 | D:3      | Reached XP level 3. HP: 24/24 MP: 4/7
  1601 | D:3      | Learned a level 2 spell: Searing Ray
  1616 | D:3      | Found an ornate altar of the Wu Jian Council.
  1912 | D:4      | Noticed Sigmund
  1949 | D:4      | Killed Sigmund
  1950 | D:4      | Reached skill level 5 in Conjurations
  1950 | D:4      | Reached XP level 4. HP: 7/30 MP: 0/10
  1950 | D:4      | Gained mutation: You are partially covered in sharp spines.
                  | [demonic ancestry]
  1950 | D:4      | Reached XP level 5. HP: 9/35 MP: 0/11
  1956 | D:4      | HP: 1/35 [poisoned by Sigmund]
  2115 | D:4      | Noticed Eustachio
  2130 | D:4      | Killed Eustachio
  2131 | D:4      | Reached skill level 6 in Conjurations
  2131 | D:4      | Gained mutation: You have sharp fingernails. [demonic
                  | ancestry]
  2131 | D:4      | Reached XP level 6. HP: 35/41 MP: 0/12
  2331 | D:2      | Noticed Jessica
  2340 | D:2      | Killed Jessica
  2391 | D:$      | Got out of the dungeon alive.

Illustrated notes

Levels and vault maps discovered:
D:1:      lemuel_arrival_rhombus, layout_loops_cross, serial_shops,
          nicolae_shop_gaudy_bauble, basic_ecumenical_altar,
          serial_bayou_pond_a, minmay_gold_behind_fungi
D:2:      layout_basic, serial_curves, eino_curves_02, eino_curves_03,
          eino_curves_03, uniq_crazy_yiuf_cottage, uniq_jessica
D:3:      layout_rooms, amcnicky_altar_gilded, small_statue_intersection
D:4:      minmay_diamond_boxcup, layout_basic, minmay_temple_entry_junction,
          gup_sewer_entry_bowl, item_on_display_a, uniq_eustachio,
          uniq_menkaure, uniq_sigmund

Skill      XL: |  1  2  3  4  5 |
---------------+----------------+-----
Spellcasting   | 4 |  4.7
Conjurations   | 5 6 |  6.2
Dodging        | |  1.7
Stealth        | |  1.7

Action                     |  1- 3 |  4- 6 || total
---------------------------+-------+-------++-------
  Melee: Unarmed           |    22 |     2 ||    24
   Cast: Magic Dart        |    68 |     2 ||    70
         Searing Ray       |     2 |     2 ||     4
 Armour: Robe              |    18 |    23 ||    41
  Dodge: Dodged            |    13 |    25 ||    38

Table legend: (Time is in decaauts)
 A = Elapsed time spent in this place.
 B = Non-inter-level travel time spent in this place.
 C = Inter-level travel time spent in this place.
 D = Time resting spent in this place.
 E = Time spent auto-exploring this place.
 F = Levels seen in this place.
 G = Mean time per level.
                   A        B        C        D        E       F      G
               +--------+--------+--------+--------+--------+-----+--------+
         Total |   2391 |   2280 |    111 |    196 |   1636 |   4 |  597.8 |
       Dungeon |   2391 |   2280 |    111 |    196 |   1636 |   4 |  597.8 |
               +--------+--------+--------+--------+--------+-----+--------+

Top non-repeatable levels by time:
     D:1: 885 daAuts
     D:3: 696 daAuts
     D:2: 465 daAuts
     D:4: 344 daAuts
